Match 28613814
Unlisted

Match 28613814
End
Royal Engineer Section
Construct Section Command Post
Infantry Section
Infantry Section
Infantry Section
Construct Platoon Command Post
Unlock M3 Stuart Light Tanks
6-pounder Anti-tank Gun Team
M3 Stuart Light Tank
Vickers Machine Gun Team
Grenade Package
Construct Company Command Post
Selects Heavy Armor Battlegroup
Selects Engineer Detachments
Selects Crusader AA Medium Tank
Selects UNKNOWN (2162094)
Foot Guards Section
Selects Light Vehicle Withdraw and Refit
Churchill IV Heavy Tank
Selects Forward Repair Assembly
Royal Engineer Section
Churchill IV Heavy Tank
Armored Vehicle Training
Selects Recon Artillery
Recon Artillery
Infantry Training
Recon Artillery
Churchill IV Heavy Tank
Recon Artillery
Androphyte
GrumblingKingJ
TidaL
smoked
Bayerische
[DGG] .I.
0
0

Comments sign in to comment!

No comments posted yet!